[Event "January 2 Early 2024"]
[Site "https://www.chess.com"]
[Date "2024.01.02"]
[Round "10"]
[White "Devaev, Alexander"]
[Black "Feuerstack, Aljoscha"]
[Result "1-0"]
[Board "70"]
[TimeControl "180+1"]
[WhiteFideId "4169395"]
[BlackFideId "4681932"]
[WhiteElo "2510"]
[BlackElo "2653"]
[WhiteTeam "RUS"]
[BlackTeam "GER"]
[WhiteClock "0:00:05"]
[BlackClock "0:00:00"]

1. d4 d5 2. Nf3 Nf6 3. Bf4 g6 4. h3 Bg7 5. e3 O-O 6. Nbd2 c5 7. c3 Nc6 8. Bd3 cxd4 9. exd4 Bf5 10. Qe2 Bxd3 11. Qxd3 Nh5 12. Bh2 Bh6 13. O-O Nf4 14. Qb5 Qd7 15. Rfe1 a6 16. Qf1 f6 17. Rad1 Rae8 18. Nb3 e5 19. dxe5 fxe5 20. Bxf4 Rxf4 21. Nc5 Qf7 22. Nh2 e4 23. Ng4 Bf8 24. Nb3 h5 25. Ne3 Re5 26. c4 dxc4 27. Qxc4 Rxf2 28. Rd7 Qxc4 29. Nxc4 Ref5 30. Rxe4 b5 31. Ne3 Rf7 32. Rxf7 Rxf7 33. Re6 Nb4 34. Rxg6+ Bg7 35. Nc5 Kh7 36. Rd6 Be5 37. Rd8 Nxa2 38. Nxa6 Bxb2 39. Nc5 Bf6 40. Rd5 Nc3 41. Rxh5+ Kg6 42. Rf5 Bd4 43. Rxf7 Kxf7 44. Nb3 Bxe3+ 45. Kf1 Ke6 46. Ke1 Kd5 47. h4 Kc4 48. Na5+ Kd3 49. g4 b4 50. g5 Bb6 51. Nb3 Ne4 52. g6 Bd8 53. h5 Bh4+ 54. Kf1 1-0

[Event "January 2 Early 2024"]
[Site "https://www.chess.com"]
[Date "2024.01.02"]
[Round "10"]
[White "Gutierrez Olivares, Daniel"]
[Black "Timerkhanov, Alexander"]
[Result "0-1"]
[Board "71"]
[TimeControl "180+1"]
[WhiteFideId "2264005"]
[BlackFideId "24177938"]
[WhiteElo "2498"]
[BlackElo "2646"]
[WhiteTeam "ESP"]
[BlackTeam "RUS"]
[WhiteClock "0:00:54"]
[BlackClock "0:02:09"]

1. Nf3 c6 2. c4 d5 3. g3 Nf6 4. b3 g6 5. Bb2 Bg7 6. Bg2 O-O 7. e3 a5 8. Nc3 Ne4 9. Qc2 Bf5 10. d3 Nc5 11. O-O-O dxc4 12. e4 cxd3 13. exf5 dxc2 14. Rxd8 Rxd8 15. Kxc2 gxf5 16. Ba3 Nbd7 17. Nh4 e6 18. Re1 Bf8 19. Bb2 Nb6 20. Nf3 Nd3 21. Re2 Nxb2 22. Kxb2 Bg7 23. Kc2 Nd5 24. Nxd5 cxd5 0-1

[Event "January 2 Early 2024"]
[Site "https://www.chess.com"]
[Date "2024.01.02"]
[Round "10"]
[White "Jakubowski, Krzysztof"]
[Black "Sztokbant, Bernardo Vainzoff"]
[Result "1-0"]
[Board "72"]
[TimeControl "180+1"]
[WhiteFideId "1112848"]
[BlackFideId "2115956"]
[WhiteElo "2643"]
[BlackElo "2449"]
[WhiteTeam "POL"]
[BlackTeam "BRA"]
[WhiteClock "0:01:19"]
[BlackClock "0:00:00"]

1. e4 c5 2. Nf3 d6 3. d4 cxd4 4. Nxd4 Nf6 5. Nc3 Nc6 6. Bg5 e6 7. Qd2 Be7 8. O-O-O O-O 9. f3 a6 10. h4 Qc7 11. Kb1 b5 12. Nxc6 Qxc6 13. Ne2 Bb7 14. Nd4 Qc7 15. g4 Rac8 16. Bd3 d5 17. e5 Ne8 18. f4 Bc5 19. Nb3 Bb6 20. f5 a5 21. Bxb5 exf5 22. gxf5 Qxe5 23. Rhe1 Qxf5 24. Be7 Nc7 25. Bd3 Qh5 26. Bxf8 Rxf8 27. Nxa5 Bxa5 28. Qxa5 Ne6 29. Qb4 Bc8 30. a4 d4 31. Qe7 Qa5 32. Bb5 h5 33. Rg1 Bb7 34. Rdf1 Be4 35. Be8 Bxc2+ 36. Kxc2 d3+ 37. Kb1 Qd2 38. Bxf7+ Kh8 39. Bxe6 Qc2+ 40. Ka1 Qxa4+ 41. Qa3 Rxf1+ 42. Rxf1 Qxa3+ 43. bxa3 1-0

[Event "January 2 Early 2024"]
[Site "https://www.chess.com"]
[Date "2024.01.02"]
[Round "10"]
[White "CamillaEffect"]
[Black "Astafurov, Arseniy"]
[Result "0-1"]
[Board "73"]
[TimeControl "180+1"]
[BlackFideId "24175218"]
[WhiteElo "2637"]
[BlackElo "2436"]
[BlackTeam "RUS"]
[WhiteClock "0:00:05"]
[BlackClock "0:00:08"]

1. e4 e6 2. d4 d5 3. e5 c5 4. c3 Qb6 5. Nf3 Nc6 6. a3 Nh6 7. b4 cxd4 8. cxd4 Nf5 9. Bb2 Bd7 10. g4 Nfe7 11. Bd3 Rc8 12. Nbd2 Na5 13. Rc1 Nc4 14. Bxc4 dxc4 15. Nxc4 Rxc4 16. Rxc4 Nd5 17. Qc2 Be7 18. h4 h6 19. Nd2 Nf4 20. Ne4 Bc6 21. f3 O-O 22. Bc1 Ng6 23. h5 Nh4 24. Rh3 a5 25. Kf2 axb4 26. axb4 Bd5 27. Rc7 Qxb4 28. Bd2 Qa3 29. Qc3 Qxc3 30. Bxc3 Bd8 31. Rc8 Be7 32. Rc7 Bd8 33. Rd7 g5 34. hxg6 Nxg6 35. Bb4 Re8 36. Rxh6 Kg7 37. Rh1 Nf4 38. Rxd8 Rxd8 39. Nf6 Kg6 40. Rc1 Bc6 41. Ke3 Nd5+ 42. Kd2 Nxb4 43. Kc3 Nd5+ 44. Kd2 Nf4 45. Rh1 Rxd4+ 46. Ke3 Ra4 47. Rh8 Nd5+ 48. Kf2 Nxf6 49. exf6 Kxf6 50. Rh6+ Ke7 51. Rh5 Rf4 52. Kg3 Rxf3+ 53. Kh4 Bd5 54. Rh8 b5 55. Rb8 Bc4 56. Kg5 Rd3 57. Kh6 Rd8 58. Rb7+ Rd7 59. Rb8 Kd6 60. g5 Kc5 61. Kg7 b4 62. Kf6 b3 63. Ke5 Rd5+ 64. Kf6 Rf5+ 65. Ke7 Rxg5 66. Kf8 Kd4 67. Kxf7 Rb5 68. Rd8+ Kc3 69. Kf8 b2 0-1

[Event "January 2 Early 2024"]
[Site "https://www.chess.com"]
[Date "2024.01.02"]
[Round "10"]
[White "Begunov, Konstantin"]
[Black "Al-Tarboush, Ward"]
[Result "0-1"]
[Board "74"]
[TimeControl "180+1"]
[WhiteFideId "4118510"]
[BlackFideId "7601450"]
[WhiteElo "2443"]
[BlackElo "2624"]
[WhiteTeam "RUS"]
[BlackTeam "NOR"]
[WhiteClock "0:00:12"]
[BlackClock "0:01:31"]

1. d4 Nf6 2. c4 b6 3. Nc3 Bb7 4. Nf3 e6 5. g3 Be7 6. Bg2 O-O 7. Qc2 c5 8. dxc5 bxc5 9. O-O Nc6 10. Rd1 Qb6 11. Bf4 Rac8 12. Bd6 Bxd6 13. Rxd6 Nd4 14. Rxb6 Nxc2 15. Rxb7 Nxa1 16. Rxa7 Nc2 17. Ne5 d6 18. Nc6 Kh8 19. Nb5 d5 20. Nd6 Rxc6 21. Nxf7+ Kg8 22. Ne5 Rb6 23. b3 Nd4 24. e3 Nc6 25. Nxc6 Rxc6 26. a4 Rb6 27. Re7 Rf7 0-1

[Event "January 2 Early 2024"]
[Site "https://www.chess.com"]
[Date "2024.01.02"]
[Round "10"]
[White "Nayak Rajesh"]
[Black "Souleidis, Georgios"]
[Result "0-1"]
[Board "75"]
[TimeControl "180+1"]
[WhiteFideId "35017152"]
[BlackFideId "4206827"]
[WhiteElo "2414"]
[BlackElo "2621"]
[WhiteTeam "IND"]
[BlackTeam "GRE"]
[WhiteClock "0:01:03"]
[BlackClock "0:00:12"]

1. b3 d5 2. Bb2 Bf5 3. f4 e6 4. Nf3 Nf6 5. e3 c5 6. Bb5+ Nc6 7. d3 Qa5+ 8. Nc3 Bd6 9. O-O O-O 10. Bxc6 bxc6 11. Ne2 Nd7 12. Ng3 Bg4 13. h3 Bxf3 14. Qxf3 Rab8 15. Qg4 d4 16. f5 Nf6 17. Qh4 e5 18. Ne4 Be7 19. Nxf6+ Bxf6 20. Qe4 Qd2 21. Rf2 Qxe3 22. Qxe3 dxe3 23. Re2 e4 24. Bxf6 exd3 25. cxd3 gxf6 26. Rxe3 Rfe8 27. Kf2 Re5 28. Rxe5 fxe5 29. Rc1 Rd8 30. Ke3 Rd5 31. Rc4 Kg7 32. Ra4 Rd7 33. Ra5 Kf6 34. Rxc5 Kxf5 35. Rxc6 h5 36. Rc4 f6 37. d4 Rg7 38. dxe5 fxe5 39. Kf3 Rd7 40. g4+ hxg4+ 41. hxg4+ Ke6 42. Ke4 Rd1 43. Rc6+ Kd7 44. Ra6 Re1+ 45. Kf5 e4 46. g5 e3 47. Kf4 e2 48. Ke3 Kc8 49. g6 Kb7 50. Rf6 Rf1 51. Kxe2 Rxf6 0-1

[Event "January 2 Early 2024"]
[Site "https://www.chess.com"]
[Date "2024.01.02"]
[Round "10"]
[White "Novak, Ratko"]
[Black "Hajiyev, Kanan"]
[Result "0-1"]
[Board "76"]
[TimeControl "180+1"]
[WhiteFideId "14511827"]
[BlackFideId "13404148"]
[WhiteElo "2395"]
[BlackElo "2619"]
[WhiteTeam "CRO"]
[BlackTeam "AZE"]
[WhiteClock "0:00:01"]
[BlackClock "0:01:57"]

1. d4 d5 2. c4 c6 3. cxd5 cxd5 4. Nc3 Nf6 5. f3 a6 6. e4 e6 7. e5 Nfd7 8. f4 Nc6 9. Nf3 f6 10. Be3 Qb6 11. Qd2 Bb4 12. a3 Qa5 13. Bd3 O-O 14. O-O Bxc3 15. bxc3 f5 16. c4 Qxd2 17. Nxd2 dxc4 18. Bxc4 Nb6 19. Ba2 Rd8 20. Nf3 Nd5 21. Bd2 Bd7 22. a4 Nce7 23. Rfb1 Bc6 24. a5 h6 25. Kf2 Kf7 26. h4 g6 27. g3 Rac8 28. Rb2 Rc7 29. Rab1 Rcd7 30. Bb3 Bb5 31. Ra1 Nc6 32. Ba4 Bxa4 33. Rxa4 Na7 34. Ra3 Nb5 35. Rab3 Ne7 36. Be3 Nc6 37. Rxb5 axb5 38. Rxb5 Ra8 39. Bd2 Ra7 40. Bc3 Rd5 41. Rb1 Nxa5 42. Nd2 b5 43. Ke3 Nc4+ 44. Nxc4 bxc4 45. Bb4 Rb7 46. Rb2 Rdb5 0-1

[Event "January 2 Early 2024"]
[Site "https://www.chess.com"]
[Date "2024.01.02"]
[Round "10"]
[White "Golubev, Mikhail"]
[Black "Buscar, Michael"]
[Result "1-0"]
[Board "77"]
[TimeControl "180+1"]
[WhiteFideId "14100983"]
[BlackFideId "2603616"]
[WhiteElo "2611"]
[BlackElo "2381"]
[WhiteTeam "UKR"]
[BlackTeam "CAN"]
[WhiteClock "0:00:19"]
[BlackClock "0:00:00"]

1. e4 c5 2. Nf3 Nc6 3. Nc3 Nf6 4. Bb5 g6 5. O-O Bg7 6. e5 Ng4 7. Bxc6 bxc6 8. Re1 O-O 9. h3 Nh6 10. d4 cxd4 11. Nxd4 Qc7 12. Bg5 f6 13. exf6 exf6 14. Be3 Nf7 15. Nb3 Re8 16. Bd4 Ba6 17. Nc5 Bc4 18. b3 Be6 19. Nxe6 dxe6 20. Qe2 Rad8 21. Bc5 f5 22. Qc4 Nd6 23. Bxd6 Qxd6 24. Rad1 Qc7 25. Rxd8 1-0

[Event "January 2 Early 2024"]
[Site "https://www.chess.com"]
[Date "2024.01.02"]
[Round "10"]
[White "Ghosh, Chanchal Kumer"]
[Black "Veljanoski, Andrej"]
[Result "0-1"]
[Board "78"]
[TimeControl "180+1"]
[WhiteFideId "10201858"]
[BlackFideId "15003604"]
[WhiteElo "2096"]
[BlackElo "2609"]
[WhiteTeam "BAN"]
[BlackTeam "MKD"]
[WhiteClock "0:00:00"]
[BlackClock "0:00:12"]

1. e4 b6 2. Nf3 Bb7 3. Nc3 g6 4. d3 Bg7 5. Be3 d6 6. Be2 c5 7. d4 Nf6 8. d5 O-O 9. Qd2 Re8 10. Bh6 Bh8 11. h4 e6 12. dxe6 Rxe6 13. Ng5 Re7 14. h5 d5 15. exd5 Nxd5 16. O-O-O Qe8 17. Nxd5 Rxe2 18. Qxe2 Qxe2 19. Rhe1 Bxb2+ 20. Kxb2 Qb5+ 21. Kc1 Bxd5 22. Rxd5 Nc6 23. hxg6 hxg6 24. Ne4 f5 25. Ng5 Nd4 26. Re7 Rf8 27. Rg7+ Kh8 28. Nf7+ Rxf7 29. Rxf7 Qf1+ 30. Kb2 Qb5+ 31. Kc1 Ne2+ 32. Kd2 Qb4+ 33. Kxe2 Qe4+ 34. Be3 Qxd5 35. Rxa7 Qxg2 36. Ra6 Qc6 37. a4 Kg7 38. Kd2 Qd5+ 39. Kc1 Qc4 40. Rxb6 Qxa4 41. Bxc5 Qc4 42. Be3 f4 43. Bd2 g5 44. Rb3 g4 45. Rc3 Qf1+ 46. Kb2 Qxf2 47. Rd3 g3 48. Bc3+ Kg6 49. Bd4 Qf1 50. Rb3 g2 51. Rb6+ Kf5 52. Rb8 g1=Q 53. Rf8+ Ke4 54. Bxg1 Qxg1 55. Re8+ Kf3 56. Rf8 Qb6+ 57. Kc1 Qe3+ 58. Kb2 Ke2 59. Rc8 f3 0-1

[Event "January 2 Early 2024"]
[Site "https://www.chess.com"]
[Date "2024.01.02"]
[Round "10"]
[White "Baches Garcia, Guillermo"]
[Black "Manolache, Marius"]
[Result "1/2-1/2"]
[Board "79"]
[TimeControl "180+1"]
[WhiteFideId "2209764"]
[BlackFideId "1201530"]
[WhiteElo "2514"]
[BlackElo "2676"]
[WhiteTeam "ESP"]
[BlackTeam "ROU"]
[WhiteClock "0:02:31"]
[BlackClock "0:02:15"]

1. d4 Nf6 2. Nf3 e6 3. Bg5 c5 4. e3 Be7 5. Nbd2 cxd4 6. exd4 h6 7. Bh4 d5 8. Bd3 Nc6 9. c3 Qb6 10. Rb1 a5 11. O-O a4 12. a3 Bd7 13. Qe2 Qd8 14. Rfe1 O-O 15. h3 Re8 16. Bg3 Bf8 17. Bh4 Be7 18. Bg3 Bf8 19. Bh4 Be7 1/2-1/2

[Event "January 2 Early 2024"]
[Site "https://www.chess.com"]
[Date "2024.01.02"]
[Round "10"]
[White "Csonka, Balazs"]
[Black "Lehtosaari, Mauri"]
[Result "1-0"]
[Board "80"]
[TimeControl "180+1"]
[WhiteFideId "742910"]
[BlackFideId "501999"]
[WhiteElo "2658"]
[BlackElo "2511"]
[WhiteTeam "HUN"]
[BlackTeam "FIN"]
[WhiteClock "0:00:33"]
[BlackClock "0:00:00"]

1. d4 d5 2. Nf3 Nf6 3. Bf4 e6 4. e3 Bd6 5. Nbd2 c5 6. dxc5 Bxc5 7. c4 O-O 8. Rc1 Bd6 9. Bg5 Be7 10. a3 Nc6 11. b4 a6 12. Be2 dxc4 13. Bxc4 Bd7 14. O-O Rc8 15. Nb3 h6 16. Bh4 e5 17. Bxf6 gxf6 18. Nh4 f5 19. Ng6 Kg7 20. Nxf8 Bxf8 21. Qh5 Qe8 22. Rfd1 Be6 23. Bxe6 Qxe6 24. Nc5 Bxc5 25. Rxc5 Qb3 26. Rcc1 Qxa3 27. Qxf5 Re8 28. Qg4+ Kf8 29. Rb1 Qa2 30. b5 axb5 31. Rxb5 Re7 32. h3 Qc2 33. Rdb1 Nd8 34. Qd1 Qxd1+ 35. Rxd1 Nc6 36. Kf1 Ke8 37. Ke2 Rc7 38. g4 Ke7 39. Rdb1 Nd8 40. Rxe5+ Ne6 41. Reb5 Nd8 42. f4 Rc2+ 43. Kf3 Rh2 44. Kg3 Re2 45. R5b3 f6 46. R1b2 Re1 47. h4 Rg1+ 48. Kf3 Rh1 49. h5 Rf1+ 50. Ke4 Rg1 51. Kf5 Rf1 52. Rxb7+ Nxb7 53. Rxb7+ Kf8 54. Kxf6 Kg8 55. Kg6 Kf8 56. Kxh6 1-0

[Event "January 2 Early 2024"]
[Site "https://www.chess.com"]
[Date "2024.01.02"]
[Round "10"]
[White "Skliarov, Viktor"]
[Black "Korpics, Zsolt"]
[Result "1/2-1/2"]
[Board "81"]
[TimeControl "180+1"]
[WhiteFideId "14106736"]
[BlackFideId "705241"]
[WhiteElo "2649"]
[BlackElo "2502"]
[WhiteTeam "UKR"]
[BlackTeam "HUN"]
[WhiteClock "0:00:12"]
[BlackClock "0:00:14"]

1. e4 c5 2. Nf3 e6 3. c3 Nf6 4. Bd3 Nc6 5. O-O e5 6. Bc2 d6 7. h3 Be7 8. d4 cxd4 9. cxd4 O-O 10. a3 exd4 11. Nxd4 Nxd4 12. Qxd4 Be6 13. Nc3 a6 14. Bf4 Ne8 15. Rad1 Bf6 16. Qd2 Rc8 17. Bb1 Qa5 18. Nd5 Qxd2 19. Nxf6+ Nxf6 20. Rxd2 d5 21. exd5 Nxd5 22. Bg3 Nb6 23. Be4 Nc4 24. Re2 Na5 25. Rd1 Nc6 26. Bf3 Rfd8 27. Red2 Rxd2 28. Rxd2 Rd8 29. Rxd8+ Nxd8 30. Bc7 Nc6 31. Bb6 Kf8 32. Kf1 Ke7 33. Ke2 Kd6 34. Be4 f5 35. Bc2 g6 36. f4 Bd5 37. g4 fxg4 38. hxg4 Be6 39. g5 Ne7 40. Bd4 Bf5 41. Be5+ Kd7 42. Bb3 Be6 43. Bc2 Bf5 44. Bb3 Be6 45. Bc2 Bf5 1/2-1/2

[Event "January 2 Early 2024"]
[Site "https://www.chess.com"]
[Date "2024.01.02"]
[Round "10"]
[White "Rozman, Levy"]
[Black "Gryshko, Vitalii"]
[Result "1-0"]
[Board "82"]
[TimeControl "180+1"]
[WhiteFideId "2039877"]
[BlackFideId "14174286"]
[WhiteElo "2645"]
[BlackElo "2501"]
[WhiteTeam "USA"]
[BlackTeam "UKR"]
[WhiteClock "0:00:31"]
[BlackClock "0:00:02"]

1. e4 e5 2. Nc3 Nf6 3. f4 d5 4. fxe5 Nxe4 5. Qf3 f5 6. d3 Nxc3 7. bxc3 d4 8. Qg3 dxc3 9. Be2 Be6 10. Rb1 Nc6 11. Rxb7 Nd4 12. Bd1 Be7 13. Qxg7 Rg8 14. Bh5+ Kd7 15. Qh6 Rxg2 16. Nf3 Bf8 17. Qf4 Nxc2+ 18. Kf1 Kc8 19. Kxg2 Kxb7 20. Be3 Bd7 21. Rb1+ Kc8 22. Bf2 Na3 23. Rb3 c2 24. Bf7 Qe7 25. Bd5 Rb8 26. Rc3 Qb4 27. Bd4 Nb1 28. Rxc2 Na3 29. Rc1 Nb5 30. e6 Nxd4 31. exd7+ Kxd7 32. Qxc7+ Ke8 33. Bf7# 1-0

[Event "January 2 Early 2024"]
[Site "https://www.chess.com"]
[Date "2024.01.02"]
[Round "10"]
[White "Estrada Nieto, Julian"]
[Black "Bartel, Michal"]
[Result "0-1"]
[Board "83"]
[TimeControl "180+1"]
[WhiteFideId "5101018"]
[BlackFideId "1119257"]
[WhiteElo "2497"]
[BlackElo "2629"]
[WhiteTeam "ESP"]
[BlackTeam "POL"]
[WhiteClock "0:00:41"]
[BlackClock "0:01:55"]

1. e4 e5 2. Nf3 Nc6 3. Bb5 g6 4. d4 exd4 5. Bg5 Be7 6. Bxe7 Qxe7 7. Bxc6 dxc6 8. Qxd4 Nf6 9. Nc3 c5 10. Qe3 Bg4 11. O-O-O O-O 12. Nd5 Nxd5 13. Rxd5 b6 14. Rhd1 Rfe8 15. Re5 Qf6 16. Rxe8+ Rxe8 17. h3 Bxf3 18. Qxf3 Qxf3 19. gxf3 Re7 20. Rd8+ Kg7 21. Kd2 Kf6 22. Ke3 Kg5 23. Rd1 Kh4 24. Rh1 Rd7 25. f4 h5 26. e5 c4 27. f3 b5 28. a3 Kg3 29. h4 a5 30. Ke4 Rd2 31. f5 Re2+ 32. Kd5 gxf5 33. Rg1+ Rg2 34. Rc1 Kxf3 35. Kc5 f4 36. Kxb5 Ke2 37. Kxa5 f3 38. c3 f2 39. Kb5 f1=Q 40. Rxf1 Kxf1 41. a4 Rxb2+ 42. Kxc4 Ra2 43. Kb5 Kg2 44. a5 Kg3 45. c4 Kxh4 46. c5 Kg5 47. a6 h4 48. Kc6 Rxa6+ 49. Kxc7 h3 50. c6 h2 51. Kb7 Rxc6 52. Kxc6 h1=Q+ 0-1

[Event "January 2 Early 2024"]
[Site "https://www.chess.com"]
[Date "2024.01.02"]
[Round "10"]
[White "Yagupov, Igor"]
[Black "Brankovic, Dejan"]
[Result "1-0"]
[Board "84"]
[TimeControl "180+1"]
[WhiteFideId "4113632"]
[BlackFideId "921602"]
[WhiteElo "2608"]
[BlackElo "2476"]
[WhiteTeam "RUS"]
[BlackTeam "SRB"]
[WhiteClock "0:00:20"]
[BlackClock "0:00:08"]

1. Nf3 g6 2. e4 Bg7 3. d4 c5 4. d5 d6 5. c4 Nf6 6. Nc3 O-O 7. h3 Na6 8. Bd3 Nc7 9. O-O e6 10. Rb1 exd5 11. exd5 Re8 12. Bf4 b6 13. Qd2 Bb7 14. a3 b5 15. b4 bxc4 16. Bxc4 cxb4 17. Rxb4 Ba6 18. Rc1 Bxc4 19. Rxc4 Qd7 20. Rc6 Nh5 21. Bxd6 Rac8 22. g4 Nf6 23. Ne5 Qd8 24. f4 Nd7 25. Ne2 Nxe5 26. fxe5 Qh4 27. Rxc7 Rxc7 28. Rxc7 Qxh3 29. Qf4 f5 30. gxf5 Bh6 31. Rxh7 Kxh7 32. fxg6+ Kxg6 33. Qf6+ Kh7 34. Qf7+ Bg7 35. Qxe8 Qg4+ 36. Kf2 Bh6 37. Qf7+ Kh8 38. Qf3 Qh4+ 39. Kg2 Bg5 40. Qh3 Qxh3+ 41. Kxh3 Kh7 42. Kg4 Kg6 43. Nf4+ Kh6 44. Bf8+ 1-0

[Event "January 2 Early 2024"]
[Site "https://www.chess.com"]
[Date "2024.01.02"]
[Round "10"]
[White "Grycel, Kamil"]
[Black "Mohammadi, Melika"]
[Result "1-0"]
[Board "85"]
[TimeControl "180+1"]
[WhiteFideId "1115499"]
[BlackFideId "42529271"]
[WhiteElo "2603"]
[BlackElo "2475"]
[WhiteTeam "POL"]
[BlackTeam "IRI"]
[WhiteClock "0:00:08"]
[BlackClock "0:00:01"]

1. d4 d5 2. Bf4 Nf6 3. e3 c5 4. c3 Nc6 5. Nd2 cxd4 6. cxd4 Bf5 7. Rc1 e6 8. Ngf3 Bd6 9. Bg5 O-O 10. Be2 Be7 11. a3 a5 12. Qa4 Qb6 13. Qb3 Qxb3 14. Nxb3 Rfc8 15. O-O Nd7 16. Bxe7 Nxe7 17. Rxc8+ Rxc8 18. Nxa5 Rc2 19. Bb5 Nc6 20. Nxb7 Nb6 21. Bxc6 Rxc6 22. Nc5 h6 23. b4 Nc4 24. Ra1 Rb6 25. h3 f6 26. Ne1 e5 27. Ned3 exd4 28. exd4 Nd2 29. Nf4 Rd6 30. a4 Nc4 31. a5 g5 32. Nfd3 Rd8 33. b5 Ra8 34. b6 Nxb6 35. Nb4 Nc4 36. Nxd5 Kf7 37. a6 Rd8 38. Ne3 Nxe3 39. fxe3 Be6 40. a7 Bd5 41. Rb1 Ke7 42. Rb8 Ba8 43. Na6 Be4 44. Nc7 Rd7 45. a8=Q Bxa8 46. Nxa8 Ra7 47. Nb6 Ra2 48. Rb7+ Ke6 49. d5+ Kd6 50. Rf7 Rb2 51. Rxf6+ Ke5 52. Re6+ Kf5 53. Rxh6 Rb1+ 54. Kh2 Rb2 55. Nd7 Ke4 56. Nf6+ Kxe3 57. d6 Rd2 58. d7 Kf4 59. Rh8 Kf5 60. d8=Q Rxd8 61. Rxd8 Kxf6 62. Rd5 1-0

[Event "January 2 Early 2024"]
[Site "https://www.chess.com"]
[Date "2024.01.02"]
[Round "10"]
[White "Assylov, Miras"]
[Black "Travkina, Anastasia"]
[Result "1-0"]
[Board "86"]
[TimeControl "180+1"]
[WhiteFideId "13728873"]
[BlackFideId "24129151"]
[WhiteElo "2603"]
[BlackElo "2432"]
[WhiteTeam "KAZ"]
[BlackTeam "RUS"]
[WhiteClock "0:00:25"]
[BlackClock "0:00:36"]

1. Nf3 Nf6 2. g3 b5 3. Bg2 Bb7 4. O-O g6 5. a4 b4 6. b3 Bg7 7. Bb2 O-O 8. c4 c5 9. d4 cxd4 10. Bxd4 d6 11. Nbd2 Nc6 12. Bb2 Na5 13. Rc1 Rc8 14. Rc2 Ne4 15. Bxg7 Kxg7 16. Nxe4 Nxb3 17. Rb2 Na5 18. Rxb4 Bxe4 19. Qd4+ e5 20. Qxe4 f5 21. Qd5 Rc5 22. Qd3 e4 23. Qc3+ Qf6 24. Nd4 Kg8 25. e3 d5 26. Rb5 Rxb5 27. cxb5 Nc4 28. Rc1 Qd6 29. Bf1 Rc8 30. Nc6 Nb6 31. a5 d4 32. Qb3+ 1-0

[Event "January 2 Early 2024"]
[Site "https://www.chess.com"]
[Date "2024.01.02"]
[Round "10"]
[White "Namitbir Singh Walia"]
[Black "Mammadova, Narmin"]
[Result "0-1"]
[Board "87"]
[TimeControl "180+1"]
[WhiteFideId "35071068"]
[BlackFideId "13403710"]
[WhiteElo "2468"]
[BlackElo "2601"]
[WhiteTeam "IND"]
[BlackTeam "AZE"]
[WhiteClock "0:00:01"]
[BlackClock "0:00:19"]

1. e4 c6 2. d4 d5 3. Nc3 dxe4 4. Nxe4 Nf6 5. Nxf6+ exf6 6. c3 Bd6 7. Bd3 O-O 8. Ne2 Re8 9. O-O Nd7 10. Ng3 Nf8 11. f4 Qc7 12. f5 Bxg3 13. hxg3 c5 14. Qg4 Kh8 15. Bf4 Qb6 16. Rae1 Bd7 17. dxc5 Qxc5+ 18. Kh2 Rxe1 19. Rxe1 Re8 20. Rxe8 Bxe8 21. Qe2 Bd7 22. g4 h6 23. Bc4 Kg8 24. Qd3 Bc6 25. Bd6 Qf2 26. Qg3 Qxb2 27. Bxf8 Kxf8 28. Qb8+ Ke7 29. Qc7+ Bd7 30. Bxf7 Qd2 31. Be6 Qd6+ 32. Qxd6+ Kxd6 33. Bb3 Ke5 34. Kg3 Bc6 35. Bf7 Ke4 36. Kh4 Kf4 37. g3+ Kf3 38. Kh5 Kxg3 39. Kg6 Kxg4 40. Be6 h5 41. Kxg7 Kg5 42. a3 h4 43. c4 h3 0-1

[Event "January 2 Early 2024"]
[Site "https://www.chess.com"]
[Date "2024.01.02"]
[Round "10"]
[White "Mayaud, Raphael"]
[Black "Palczert, Matyas"]
[Result "1/2-1/2"]
[Board "88"]
[TimeControl "180+1"]
[WhiteFideId "627151"]
[BlackFideId "784958"]
[WhiteElo "2423"]
[BlackElo "2600"]
[WhiteTeam "FRA"]
[BlackTeam "HUN"]
[WhiteClock "0:00:06"]
[BlackClock "0:00:04"]

1. d4 Nf6 2. Bg5 e6 3. e4 h6 4. Bxf6 Qxf6 5. c3 c5 6. d5 exd5 7. exd5 Bd6 8. Nf3 O-O 9. Be2 b6 10. O-O Ba6 11. Nbd2 Re8 12. Re1 Bxe2 13. Rxe2 Na6 14. Ne4 Qf4 15. Nxd6 Qxd6 16. c4 Nc7 17. Qd2 Rxe2 18. Qxe2 Re8 19. Qd2 b5 20. b3 Qf6 21. Rd1 bxc4 22. bxc4 d6 23. h3 Rb8 24. Qa5 Qd8 25. Re1 Ne8 26. Qxd8 Rxd8 27. Rb1 Nf6 28. Rb7 Re8 29. Rxa7 Re2 30. Ra6 Ne4 31. Ra8+ Kh7 32. Ra7 Kg6 33. Re7 f5 34. g4 Kf6 35. Re6+ Kf7 36. gxf5 Rxf2 37. Rxe4 Rxf3 38. Re6 Rxh3 39. Rxd6 Rc3 40. Rc6 Rxc4 41. a4 Rxa4 42. Rxc5 Rf4 43. d6 Rd4 44. Rc7+ Kf6 45. d7 h5 46. Kf2 h4 47. Ke3 Rd1 48. Kf3 Rd3+ 49. Kg4 Rd4+ 50. Kh3 Kxf5 51. d8=Q Rxd8 52. Rxg7 Kf4 53. Rf7+ Kg5 54. Rg7+ Kh6 55. Rg4 Kh5 56. Rxh4+ Kg5 57. Rg4+ Kh5 58. Rh4+ Kg5 59. Rg4+ Kh5 60. Rh4+ 1/2-1/2

[Event "January 2 Early 2024"]
[Site "https://www.chess.com"]
[Date "2024.01.02"]
[Round "10"]
[White "Avramidou, Anastasia"]
[Black "Herman, Daniel"]
[Result "1-0"]
[Board "89"]
[TimeControl "180+1"]
[WhiteFideId "4239873"]
[BlackFideId "30935008"]
[WhiteElo "2587"]
[BlackElo "2431"]
[WhiteTeam "GRE"]
[BlackTeam "USA"]
[WhiteClock "0:00:09"]
[BlackClock "0:00:06"]

1. c4 e5 2. Nc3 Bb4 3. Qc2 Nf6 4. g3 O-O 5. Bg2 c6 6. Nf3 e4 7. Nxe4 d5 8. Nxf6+ Qxf6 9. O-O Bf5 10. d3 Nd7 11. Bg5 Qg6 12. Bf4 Qf6 13. cxd5 cxd5 14. Qb3 a5 15. a3 Nc5 16. Qxd5 Rad8 17. Qe5 Qxe5 18. Bxe5 Nb3 19. Rad1 Bc5 20. Bc3 Rfe8 21. Rfe1 a4 22. h3 h6 23. e4 Bh7 24. d4 Ba7 25. Nd2 Nxd4 26. Nc4 Nb5 27. Rxd8 Rxd8 28. Bb4 Nd4 29. Bc3 Nb5 30. Ba5 Rd4 31. Ne3 Bxe4 32. Bc3 Nxc3 33. bxc3 Bxg2 34. cxd4 Bc6 35. d5 Bd7 36. Rc1 Kf8 37. Rc7 Ke7 38. Rxb7 Bc5 39. Rc7 Bxa3 40. Rc4 Bd6 41. Nc2 a3 42. Rc3 Kf6 43. Re3 Bc5 44. Re1 Bf5 45. Na1 Bd4 46. Kg2 Bc3 47. Rd1 Bd7 48. f3 Ke5 49. Kf2 Kd6 50. f4 Bb5 51. Ke3 Bb2 52. Nc2 a2 53. Kd2 Bc4 54. Na1 Bxd5 55. Kc2 Kc5 56. Kxb2 Kd6 57. Rd2 Ke6 58. Nc2 g5 59. fxg5 hxg5 60. Ne3 Bf3 61. Kxa2 Ke5 62. Kb3 Ke4 63. Nc4 f5 64. Kc3 f4 65. Nd6+ Ke5 66. Nf7+ Kf6 67. gxf4 Kxf7 68. fxg5 Kg6 69. h4 Kh5 70. Rd4 Bg4 71. Kd2 Bf5 72. Ke3 Bg6 73. Kf2 Bf5 74. Kg3 Bg6 75. Rd6 Bf7 76. Rh6# 1-0

[Event "January 2 Early 2024"]
[Site "https://www.chess.com"]
[Date "2024.01.02"]
[Round "10"]
[White "Munoz Galvez, Jhon Edison"]
[Black "Gomez Falagan, Daniel"]
[Result "1-0"]
[Board "90"]
[TimeControl "180+1"]
[WhiteFideId "4403797"]
[BlackFideId "54509947"]
[WhiteElo "2560"]
[BlackElo "2387"]
[WhiteTeam "COL"]
[BlackTeam "ESP"]
[WhiteClock "0:00:46"]
[BlackClock "0:00:00"]

1. d4 Nf6 2. c4 c5 3. d5 b5 4. cxb5 a6 5. b6 d6 6. Nc3 Nbd7 7. Nf3 g6 8. g3 Bg7 9. Bg2 O-O 10. O-O Qxb6 11. h3 a5 12. Qc2 Ba6 13. Rd1 Rfb8 14. Rb1 Ne8 15. Bd2 Nc7 16. Na4 Qb5 17. e4 Qd3 18. Qc1 Qxe4 19. b3 Qxd5 20. Bxa5 Qb7 21. Ne5 Qc8 22. Nc6 Kf8 23. Bc3 Nf6 24. Qe3 Ncd5 25. Rxd5 Nxd5 26. Bxd5 e6 27. Bg2 Rb7 28. Bxg7+ Kxg7 29. Qc3+ Kg8 30. Nb6 Qf8 31. Nxa8 Qxa8 32. Rd1 d5 33. Qxc5 Rc7 34. Ne7+ 1-0